[Event "European Rapid Championship 2021"]
[Site "Katowice"]
[Date "2021.12.18"]
[Round "5.30"]
[White "Helis, Tadeusz"]
[Black "Lach, Mateusz"]
[Result "1/2-1/2"]
[ECO "A04"]
[WhiteElo "2155"]
[BlackElo "1661"]
[Annotator "NA"]
[PlyCount "73"]
[EventDate "2021.12.18"]
[EventType "swiss"]
[EventCountry "POL"]
[SourceTitle "playchess.com"]
[Source "ChessBase"]
[SourceQuality "1"]
[TimeControl "900+10"]

1. Nf3 e6 2. c4 f5 3. g3 Nf6 4. Bg2 c6 5. O-O d5 6. d4 Bd6 7. b3 O-O 8. Ba3 Bxa3 9. Nxa3 Nbd7 10. e3 a6 11. Qc2 b5 12. cxd5 cxd5 13. Rac1 Bb7 14. Qb2 Qb6 15. Rc2 Rac8 16. Rfc1 Rxc2 17. Nxc2 Rc8 18. Nce1 Rxc1 19. Qxc1 Qc6 20. Qxc6 Bxc6 21. Nd3 Ne4 22. Nfe5 Nxe5 23. Nxe5 Be8 24. Bxe4 fxe4 25. b4 h5 26. Kg2 g5 27. f3 Kg7 28. fxe4 dxe4 29. a3 Kf6 30. h3 Kg7 31. Kf2 Kf6 32. Ke2 Ke7 33. Kd2 Kd6 34. Kc3 Kd5 35. Kb3 Kd6 36. h4 g4 37. Kc3 1/2-1/2

[Event "European Rapid Championship 2021"]
[Site "Katowice"]
[Date "2021.12.18"]
[Round "5.30"]
[White "Dzhuguryan, Tygran"]
[Black "Baum, Jonasz"]
[Result "0-1"]
[ECO "E10"]
[WhiteElo "2047"]
[BlackElo "2343"]
[Annotator "NA"]
[PlyCount "80"]
[EventDate "2021.12.18"]
[EventType "swiss"]
[EventCountry "POL"]
[SourceTitle "playchess.com"]
[Source "ChessBase"]
[SourceQuality "1"]
[TimeControl "900+10"]

1. d4 Nf6 2. c4 e6 3. Nf3 d5 4. cxd5 exd5 5. Nc3 c6 6. Bg5 Be7 7. Qc2 h6 8. Bh4 Bg4 9. Ne5 Be6 10. e3 Nbd7 11. Nxd7 Nxd7 12. Bxe7 Qxe7 13. h4 a5 14. Rd1 O-O 15. Be2 b5 16. g3 a4 17. Kf1 Nb6 18. Kg2 Rfc8 19.
Bf3 Qd7 20. Ne2 Bf5 21. Qc5 Nc4 22. b3 Nb2 23. Ra1 Nd3 24.
Qc3 Be4 25. Nf4 Nxf4+ 26. exf4 Bxf3+ 27. Kxf3 c5 28. Rhe1 b4 29. Qd2 axb3 30. axb3 Ra3 31. Rxa3 bxa3 32. Qa5 cxd4 33. Qxa3 Qh3 34. Qa4 Rc3+ 35. Ke2 d3+ 36. Kd2 Rc2+ 37. Kxd3 Qf5+ 38. Kd4 Rd2+ 39. Kc3 Qc2+ 40. Kb4 Rd4+ 0-1

[Event "European Rapid Championship 2021"]
[Site "Katowice"]
[Date "2021.12.18"]
[Round "6.1"]
[White "Donchenko, Alexander"]
[Black "Krasenkow, Michal"]
[Result "1-0"]
[ECO "A41"]
[WhiteElo "2535"]
[BlackElo "2576"]
[Annotator "ChessBase"]
[PlyCount "107"]
[EventDate "2021.12.18"]
[EventType "swiss"]
[EventCountry "POL"]
[SourceTitle "playchess.com"]
[Source "ChessBase"]
[SourceQuality "1"]
[TimeControl "900+10"]

1. d4 d6 2. Nf3 Nf6 3. g3 Bf5 4. Bg2 c6 5. c4 Nbd7 6. O-O e5 7. b3 Be7 8. Bb2 e4 9. Nh4 Be6 10. d5 cxd5 11. cxd5 Nxd5 12. Nf5 Bxf5 13. Qxd5 Be6 14. Qxe4 d5 15. Qf4 O-O 16. Nc3 Bf6 17. Qd2 Nb6 18. Rfd1 Re8 19. Nb5 Bxb2 20. Qxb2 Qd7 21. Nd4 Bh3 22. Bh1 h5 23. Qd2 h4 24. Qg5 hxg3 25. hxg3 f6 26. Qh4 Bg4 27. Bf3 Bxf3 28. exf3 Re5 29. Kg2 Rae8 30. Rh1 Kf7 31. f4 Re4 32. Rad1 Ke7 33. a4 Kd8 34. Qh5 Kc8 35. Nf5 Re2 36. Rd3 Kb8 37. a5 Na8 38. Ne3 Rb2 39. Nxd5 Ree2 40. Qh8+ Qe8 41. Ne3 Rxf2+ 42. Kg1 Qxh8 43. Rxh8+ Kc7 44. Rxa8 Rfe2 45. Rg8 Re1+ 46.
Nf1 Ree2 47. Rxg7+ Kc6 48. Rf3 Ra2 49. b4 a6 50. Rf7 Re6 51.
Rf2 Ra1 52. Rc2+ Kb5 53. Rxb7+ Ka4 54. Rb6 1-0

[Event "European Rapid Championship 2021"]
[Site "Katowice"]
[Date "2021.12.18"]
[Round "6.1"]
[White "Savicevs, Arsenijs"]
[Black "Grabarczyk, Miroslaw"]
[Result "0-1"]
[ECO "A06"]
[WhiteElo "1881"]
[BlackElo "2373"]
[Annotator "ChessBase"]
[PlyCount "184"]
[EventDate "2021.12.18"]
[EventType "swiss"]
[EventCountry "POL"]
[SourceTitle "playchess.com"]
[Source "ChessBase"]
[SourceQuality "1"]
[TimeControl "900+10"]

1. Nf3 d5 2. c4 e6 3. d4 Nf6 4. cxd5 exd5 5. Bf4 c6 6. e3 Bf5 7. Bd3 Bxd3 8. Qxd3 Nbd7 9. O-O Be7 10. h3 O-O 11. Qb3 Qb6 12. Nbd2 Rfe8 13. Ne5 Nxe5 14. Bxe5 Nd7 15. Bg3 Nf6 16. Be5 Nd7 17. Bg3 Bb4 18.
Rfd1 Nf6 19. Be5 Nd7 20. Bg3 Re6 21. a3 Bxd2 22. Qxb6 axb6 23. Rxd2 b5 24. b3 Ra6 25. Rda2 Re8 26. Bf4 Rea8 27. g4 f6 28. f3 Kf7 29. h4 Nf8 30. h5 Ne6 31. Bd6 Ke8 32. Kf2 Ng5 33.
Bf4 Nf7 34. Ke2 Kd7 35. Kd3 Nd8 36. Bg3 Ne6 37. Bh4 Nc7 38.
Kc3 b6 39. b4 Ne8 40. Bg3 Nd6 41. Bxd6 Kxd6 42. Kb3 Re8 43. Re1 Ra7 44. Rg2 Rae7 45. Rge2 g6 46. e4 gxh5 47. gxh5 Rg8 48. e5+ fxe5 49. Rxe5 Rxe5 50. Rxe5 Rf8 51. Kb2 Rxf3 52. Rg5 Rh3 53. Re5 c5 54. Rf5 Rh2+ 55. Kc3 Rh3+ 56. Kb2 cxd4 57. Rf6+ Ke5 58. Rh6 Rh2+ 59. Kc1 d3 60. Rxh7 Kd4 61. h6 Kc3 62. Rc7+ Kb3 63. h7 Kxa3 64. Rc3+ Kxb4 65. Rxd3 Kc4 66. Rg3 Rxh7 67. Rg6 Rh1+ 68. Kd2 Rh2+ 69. Kc1 Kc5 70. Rg8 b4 71. Rc8+ Kb5 72. Rd8 Kc4 73. Rc8+ Kb3 74. Rc6 d4 75. Rxb6 Rc2+ 76. Kd1 d3 77. Rd6 Kc3 78. Rc6+ Kb2 79. Rd6 Rc3 80. Kd2 b3 81. Ra6 Rc8 82. Ra7 Rc2+ 83. Kd1 Rh2 84. Ra8 Kc3 85. Rc8+ Kd4 86. Rd8+ Ke4 87. Re8+ Kf5 88. Rf8+ Ke6 89. Kc1 Rh1+ 90. Kb2 d2 91. Re8+ Kf7 92. Rd8 d1=Q 0-1

[Event "European Rapid Championship 2021"]
[Site "Katowice"]
[Date "2021.12.18"]
[Round "6.2"]
[White "Klekowski, Maciej"]
[Black "Mirzoev, Emil"]
[Result "1/2-1/2"]
[ECO "A13"]
[WhiteElo "2528"]
[BlackElo "2418"]
[Annotator "ChessBase"]
[PlyCount "25"]
[EventDate "2021.12.18"]
[EventType "swiss"]
[EventCountry "POL"]
[SourceTitle "playchess.com"]
[Source "ChessBase"]
[SourceQuality "1"]
[TimeControl "900+10"]

1. c4 e6 2. Nf3 Nf6 3. g3 d5 4. Bg2 dxc4 5. Qa4+ Nbd7 6.
Qxc4 a6 7. Qc2 c5 8. O-O b5 9. a4 Bb7 10. axb5 axb5 11. Rxa8 Bxa8 12. Nc3 Qb6 13. d3 1/2-1/2

[Event "European Rapid Championship 2021"]
[Site "Katowice"]
[Date "2021.12.18"]
[Round "6.2"]
[White "Mis, Mieszko"]
[Black "Rudecki, Bartosz"]
[Result "1-0"]
[ECO "D30"]
[WhiteElo "2237"]
[BlackElo "1820"]
[Annotator "NA"]
[PlyCount "81"]
[EventDate "2021.12.18"]
[EventType "swiss"]
[EventCountry "POL"]
[SourceTitle "playchess.com"]
[Source "ChessBase"]
[SourceQuality "1"]
[TimeControl "900+10"]

1. d4 d5 2. c4 e6 3. Nf3 a6 4. Bg5 Nf6 5. e3 h6 6. Bh4 Be7 7. Nbd2 Nbd7 8. Rc1 O-O 9. Qc2 c6 10. Bd3 dxc4 11. Qxc4 c5 12. Qc2 cxd4 13. Nxd4 Ne5 14. Be2 Ng6 15. Bg3 Re8 16. O-O e5 17. N4f3 Bd6 18. Bd3 Nf8 19. Nc4 e4 20. Nxd6 exf3 21. Nxe8 Qxe8 22. gxf3 Ne6 23. Rfd1 Bd7 24. Bf1 Ng5 25. Bg2 Bc6 26. Qf5 Qe7 27. Bd6 Qe8 28. h4 Bd7 29. Qe5 Ne6 30.
f4 Rd8 31. f5 Nf8 32. Qxe8 Rxe8 33. Bxf8 Kxf8 34. Rc7 Bxf5 35.
Rxb7 g6 36. Ra7 Rc8 37. Ra8 Kg7 38. Rxc8 Bxc8 39. Rd8 Be6 40. b3 Ng4 41. Ra8 1-0

[Event "European Rapid Championship 2021"]
[Site "Katowice"]
[Date "2021.12.18"]
[Round "6.3"]
[White "Janik, Igor"]
[Black "Keinanen, Toivo"]
[Result "0-1"]
[ECO "D37"]
[WhiteElo "2462"]
[BlackElo "2341"]
[Annotator "ChessBase"]
[PlyCount "74"]
[EventDate "2021.12.18"]
[EventType "swiss"]
[EventCountry "POL"]
[SourceTitle "playchess.com"]
[Source "ChessBase"]
[SourceQuality "1"]
[TimeControl "900+10"]

1. d4 d5 2. c4 e6 3. Nf3 Nf6 4. Nc3 Be7 5. g3 O-O 6. Bg2 dxc4 7. Ne5 Nc6 8. Bxc6 bxc6 9. Nxc6 Qe8 10. Nxe7+ Qxe7 11. Qa4 c5 12. dxc5 Qxc5 13. Be3 Qc7 14. O-O-O e5 15. f3 Be6 16. Rd2 Rfb8 17. Rhd1 a5 18. Qa3 Rb4 19. Bc5 Rb7 20. Bd6 Qb6 21.
Bxe5 Nd7 22. Bd4 Qc6 23. Ne4 h6 24. Qd6 Qa4 25. Nc3 Qb4 26.
Qc6 Rab8 27. a3 Qb3 28. Qa4 Nc5 29. Bxc5 Qxc3+ 30. Rc2 Qe5 31. Bd4 Qg5+ 32. f4 Qf5 33. Be5 Rc8 34. Rcd2 c3 35. Rd8+ Kh7 36. Bxc3 Bb3 37. Qd4 Qc2# 0-1

[Event "European Rapid Championship 2021"]
[Site "Katowice"]
[Date "2021.12.18"]
[Round "6.3"]
[White "Janaszak, Dawid"]
[Black "Wnek, Filip"]
[Result "1-0"]
[ECO "B23"]
[WhiteElo "2328"]
[BlackElo "1873"]
[Annotator "NA"]
[PlyCount "53"]
[EventDate "2021.12.18"]
[EventType "swiss"]
[EventCountry "POL"]
[SourceTitle "playchess.com"]
[Source "ChessBase"]
[SourceQuality "1"]
[TimeControl "900+10"]

1. e4 c5 2. Nc3 d6 3. f4 Nf6 4. Nf3 e6 5. d4 cxd4 6. Nxd4 a6 7. Be3 Be7 8. Qf3 Qc7 9. O-O-O Nc6 10. Rg1 Nxd4 11. Rxd4 Bd7 12. g4 Bc6 13. g5 Nd7 14. h4 O-O-O 15. Bh3 Kb8 16. Kb1 Nc5
17. f5 e5 18. Rd5 Na4 19. Nxa4 Bxd5 20. exd5 Qc4 21. Rg4 Qb5 22. Bf1 Qa5 23. b3 Rc8 24. Qd1 Bd8 25. Qd2 Qc7 26. Nb6 Be7 27. Rc4 1-0

[Event "European Rapid Championship 2021"]
[Site "Katowice"]
[Date "2021.12.18"]
[Round "6.4"]
[White "Brodowski, Piotr"]
[Black "Tazbir, Marcin"]
[Result "1-0"]
[ECO "A21"]
[WhiteElo "2414"]
[BlackElo "2514"]
[Annotator "ChessBase"]
[PlyCount "59"]
[EventDate "2021.12.18"]
[EventType "swiss"]
[EventCountry "POL"]
[SourceTitle "playchess.com"]
[Source "ChessBase"]
[SourceQuality "1"]
[TimeControl "900+10"]

1. c4 e5 2. Nc3 Bb4 3. g3 Bxc3 4. dxc3 d6 5. Bg2 f5 6. c5 dxc5 7. Qxd8+ Kxd8 8. Bg5+ Nf6 9. O-O-O+ Ke7 10. e4 h6 11. Bxf6+ gxf6 12. exf5 Nc6 13. Be4 Nd8 14. f4 Nf7 15. fxe5 fxe5 16. Nf3 Nd6 17. Rhe1 Kf6 18. Nxe5 Nxe4 19. Rxe4 Bxf5 20. Rf1 h5 21. Nd3 Kg6 22. Nf4+ Kh6 23. Re5 Raf8 24. Rxc5 c6 25. Nxh5 Be6 26. Nf4 Bxa2 27. Rd1 Rf7 28. Rd6+ Kg7 29. Rg5+ Kh7 30. Rh5+ 1-0

[Event "European Rapid Championship 2021"]
[Site "Katowice"]
[Date "2021.12.18"]
[Round "6.4"]
[White "Nytra, Ondrej"]
[Black "Sharankov, Grigory"]
[Result "0-1"]
[ECO "C02"]
[WhiteElo "1798"]
[BlackElo "2220"]
[Annotator "NA"]
[PlyCount "40"]
[EventDate "2021.12.18"]
[EventType "swiss"]
[EventCountry "POL"]
[SourceTitle "playchess.com"]
[Source "ChessBase"]
[SourceQuality "1"]
[TimeControl "900+10"]

1. e4 e6 2. d4 d5 3. e5 c5 4. c3 Nc6 5. Nf3 Bd7 6. Be2 Qc7 7. O-O f6 8.
exf6 Nxf6 9. Re1 Bd6 10. Bd3 O-O 11. Bg5 Ng4 12. h3 Bh2+ 13.
Kf1 Nxf2 14. Kxf2 Qg3+ 15. Ke3 Rxf3+ 16. gxf3 Qxg5+ 17. Ke2 Qg2+ 18. Ke3 Rf8 19. Be2 Bf4+ 20. Kd3 Qg6# 0-1

[Event "European Rapid Championship 2021"]
[Site "Katowice"]
[Date "2021.12.18"]
[Round "6.5"]
[White "Warchol, Bartosz"]
[Black "Cukrowski, Filip"]
[Result "1/2-1/2"]
[ECO "E15"]
[WhiteElo "1942"]
[BlackElo "2373"]
[Annotator "ChessBase"]
[PlyCount "161"]
[EventDate "2021.12.18"]
[EventType "swiss"]
[EventCountry "POL"]
[SourceTitle "playchess.com"]
[Source "ChessBase"]
[SourceQuality "1"]
[TimeControl "900+10"]

1. d4 Nf6 2. c4 e6 3. Nf3 b6 4. g3 Bb7 5. Bg2 c5 6. O-O cxd4 7. Nxd4 Bxg2 8.
Kxg2 Qc8 9. b3 Nc6 10. Nb5 Qb8 11. Bf4 e5 12. Bg5 Ne4 13. Be3 Bb4 14. a3 a6 15. axb4 axb5 16. Rxa8 Qxa8 17. f3 Nf6 18. cxb5 Nxb4 19. Qd6 Nbd5 20. Qxe5+ Kd8 21. Rc1 Qb7 22. Bg5 Re8 23. Qb2 h6 24. Bxf6+ Nxf6 25. e4 Re6 26. Nd2 d5 27. Qd4 Ke8 28. Kf2 dxe4 29. Nxe4 Nxe4+ 30. fxe4 Qd7 31. Ke3 f5 32. Qxd7+ Kxd7 33. Rc4 Re5 34. Rb4 Kd6 35. Kf4 g5+ 36. Kf3 fxe4+ 37. Rxe4 Rxb5 38. b4 h5 39. Ke3 Rd5 40. Rd4 Ke5 41. Re4+ Kf5 42. Rc4 Rb5 43. h3 g4 44. hxg4+ hxg4 45. Rf4+ Kg5 46. Rd4 Rf5 47. Rd3 Rb5 48. Rd4 Rf5 49. Ke4 Rf3 50. Rd3 Rf6 51. Rd5+ Kg6 52. Rd7 Rc6 53. Rd4 Rc3 54. Kf4 Kh5 55. Rd5+ Kh6 56. Rd6+ Kg7 57. Rxb6 Rc4+ 58. Kg5 Rd4 59. b5 Rb4 60. Rb7+ Kf8 61. b6 Ke8 62. Rb8+ Kf7 63. b7 Kg7 64. Kf5 Kh7 65. Ke5 Rb1 66. Kf6 Rb5 67. Rf8 Rxb7 68. Rf7+ Rxf7+ 69. Kxf7 Kh6 70. Kf6 Kh7 71. Kf5 Kg7 72. Kxg4 Kg6 73. Kf4 Kf6 74. g4 Kg6 75. g5 Kg7 76. Kf5 Kf7 77. g6+ Kg7 78. Kg5 Kg8 79. Kf6 Kf8 80. g7+ Kg8 81. Kg6 1/2-1/2

[Event "European Rapid Championship 2021"]
[Site "Katowice"]
[Date "2021.12.18"]
[Round "6.6"]
[White "Sliwicki, Damian"]
[Black "Pultinevicius, Paulius"]
[Result "0-1"]
[ECO "B10"]
[WhiteElo "2107"]
[BlackElo "2536"]
[Annotator "ChessBase"]
[PlyCount "74"]
[EventDate "2021.12.18"]
[EventType "swiss"]
[EventCountry "POL"]
[SourceTitle "playchess.com"]
[Source "ChessBase"]
[SourceQuality "1"]
[TimeControl "900+10"]

1. e4 c6 2. Nc3 d5 3. Nf3 dxe4 4. Nxe4 Nf6 5. Qe2 Nxe4 6. Qxe4 Be6 7. d4 Nd7 8. Bd2 Nf6 9. Qh4 Bd5 10. Bd3 Bxf3 11. gxf3 g6 12. O-O-O Bg7 13. f4 e6 14. f5 Nd5 15. Qh3 exf5 16. Rde1+ Kf8 17. Rhg1 Bxd4 18. Bxf5 Bg7 19. c4 Nb6 20. Rd1 Kg8 21. Bc3 Qf8 22. Qd3 Bxc3 23. Qxc3 Qg7 24. Qc2 Qf6 25. Rg3 Kg7 26. Rdg1 Rhe8 27. h4 Re5 28. Bd3 Rae8 29. Qd2 Na4 30. Re3 Rxe3 31. fxe3 Rd8 32. Qc2 Rxd3 33. Qxa4 Rxe3 34. Qxa7 Re2 35. Qa3 Qf4+ 36. Kb1 Qe4+ 37. Ka1 Re1+ 0-1

[Event "European Rapid Championship 2021"]
[Site "Katowice"]
[Date "2021.12.18"]
[Round "6.7"]
[White "Kalogeris, Ioannis"]
[Black "Sumets, Andrey"]
[Result "0-1"]
[ECO "B12"]
[WhiteElo "2357"]
[BlackElo "2508"]
[Annotator "ChessBase"]
[PlyCount "124"]
[EventDate "2021.12.18"]
[EventType "swiss"]
[EventCountry "POL"]
[SourceTitle "playchess.com"]
[Source "ChessBase"]
[SourceQuality "1"]
[TimeControl "900+10"]

1. e4 c6 2. d4 d5 3. e5 Bf5 4. Nf3 e6 5. Nbd2 c5 6. dxc5 Bxc5 7. Nb3 Bb6 8.
Nfd4 Ne7 9. h4 h6 10. h5 Nbc6 11. Nxf5 Nxf5 12. g4 Nfe7 13. f4 d4 14. Bd3 Nd5 15. a3 Ne3 16. Qf3 Rc8 17. Bxe3 dxe3 18. O-O-O Qe7 19. Qe4 Rd8 20. Bb5 Qc7 21. c4 O-O 22. Bxc6 bxc6 23. c5 Ba5 24. Rd6 Rb8 25. Qxe3 Qb7 26. Kc2 Bc7 27. Rd7 a5 28. a4 Qb4 29. Rd4 Qb7 30. g5 hxg5 31. h6 g6 32. h7+ Kh8 33. fxg5 Bd8 34. Rh3 Be7 35. Qf4 Qa7 36. Rhd3 Rb7 37. Rd6 Rb4 38. Qg3 Bxd6 39. exd6 Rxb3 40. Kxb3 Qxc5 41. d7 Rd8 42. Ka2 Qc4+ 43. Kb1 Qe4 44. Qd6 Kxh7 45. b3 c5 46. Kb2 Kg7 47. Rd2 Qe3 48. Rc2 Qxg5 49. Rxc5 Qg2+ 50. Ka3 Qb7 51. Rc7 Qd5 52. Qe7 Qd1 53. b4 Qa1+ 54. Kb3 Qb1+ 55. Ka3 Qa1+ 56. Kb3 Qd1+ 57. Kb2 Qd4+ 58. Kb3 Qd3+ 59. Kb2 Qd2+ 60. Kb3 Qd5+ 61. Ka3 axb4+ 62. Kb2 Qe5+ 0-1

[Event "European Rapid Championship 2021"]
[Site "Katowice"]
[Date "2021.12.18"]
[Round "6.7"]
[White "Rigopoulos-Tsigkos, Alexandros"]
[Black "Kjartansson, Gudmundur"]
[Result "1/2-1/2"]
[ECO "B12"]
[WhiteElo "2076"]
[BlackElo "2402"]
[Annotator "ChessBase"]
[PlyCount "192"]
[EventDate "2021.12.18"]
[EventType "swiss"]
[EventCountry "POL"]
[SourceTitle "playchess.com"]
[Source "ChessBase"]
[SourceQuality "1"]
[TimeControl "900+10"]

1. e4 c6 2. d4 d5 3. e5 Bf5 4. h4 h5 5. c4 e6 6. Nc3 Ne7 7. Bg5 dxc4 8. Bxc4 Nd7 9. Nge2 Nb6 10. Bb3 Qd7 11. Ng3 Bg6 12. O-O Nf5 13. Nxf5 Bxf5 14. Qd2 Be7 15. Rad1 Bxg5 16. Qxg5 Qe7 17. Qxe7+ Kxe7 18. f3 Rag8 19. Kf2 g5 20. hxg5 Rxg5 21. g3 Rc8 22. Rh1 c5 23. dxc5 Rxc5 24. f4 Rg8 25. Rd4 Bg6 26. Rhd1 Rgc8 27. Na4 Nxa4 28. Rd7+ Kf8 29. Bxa4 b5 30. Bb3 a5 31. Rd8+ Kg7 32. Rxc8 Rxc8 33. Rd2 Rc1 34. Rd1 Rc7 35. Rd2 Bb1 36. a3 Kg6 37. Bd1 Be4 38. Ke3 Bf5 39. Rh2 Bg4 40. Bc2+ f5 41. Bd3 Bd1 42. Bxb5 a4 43. Rd2 Bb3 44. Rh2 Bd1 45. Rh1 Bb3 46. Be8+ Kg7 47. Rh2 Rc8 48. Bxh5 Rh8 49. Rh4 Bc2 50. Kd2 Bb3 51. Be2 Rb8 52. Rh2 Bd5 53. Kc1 Rb3 54. Bd1 Rxg3 55. Bxa4 Rf3 56. Rh4 Rf2 57. Bc2 Bf3 58. a4 Bg4 59. a5 Rxf4 60. Rh1 Rc4 61. b3 Rc5 62. a6 Ra5 63. Kb2 Rxa6 64. b4 Kg6 65. b5 Rb6 66. Bd3 Kg5 67.
Kc3 Rb8 68. Kb4 Kf4 69. Re1 Bf3 70. Bc4 Be4 71. Bxe6 Kxe5 72. Bc4 Kd4 73. Rd1+ Ke3 74. Re1+ Kd4 75. Rd1+ Ke5 76. Re1 Kd4 77. Rd1+ Ke3 78. Re1+ Kf2 79. Rf1+ Kg3 80. Re1 Bg2 81. Re3+ Kg4 82. Be6 Kf4 83. Rc3 Ke5 84. Bd7 f4 85. Rc5+ Kd4 86. Rc4+ Ke3 87. Rc3+ Kd2 88. Rc8 Rb7 89. Bc6 Bxc6 90. Rxc6 f3 91. Rf6 Ke3 92. Kc5 Rc7+ 93. Kd6 Rc4 94. b6 Rb4 95. Kc7 f2 96. Rxf2 Rxb6 1/2-1/2

[Event "European Rapid Championship 2021"]
[Site "Katowice"]
[Date "2021.12.18"]
[Round "6.8"]
[White "Schneider, Ilja"]
[Black "Budrewicz, Krzysztof"]
[Result "1-0"]
[ECO "B24"]
[WhiteElo "2490"]
[BlackElo "2281"]
[Annotator "ChessBase"]
[PlyCount "127"]
[EventDate "2021.12.18"]
[EventType "swiss"]
[EventCountry "POL"]
[SourceTitle "playchess.com"]
[Source "ChessBase"]
[SourceQuality "1"]
[TimeControl "900+10"]

1. e4 c5 2. Nc3 Nc6 3. Bb5 d6 4. Bxc6+ bxc6 5. f4 g6 6. b3 Bg7 7. Bb2 Nf6 8. d3 O-O 9. Nf3 Nh5 10. Qd2 Qa5 11. O-O Bh6 12. g3 Bh3 13.
Rf2 e5 14. Ne2 Qd8 15. Qc3 f6 16. Bc1 Bg7 17. Be3 Qd7 18. fxe5 fxe5 19. Ng5 Rxf2 20. Bxf2 Bh6 21. Nxh3 Qxh3 22. Kh1 Rf8 23. Ng1 Qd7 24. Qe1 Nf6 25. h3 Nh5 26. Qe2 Qe7 27. Rf1 Qg5 28. Kh2 Qf6 29. Kg2 Qg5 30. Kh2 Qd8 31. Be1 Nf6 32. Kg2 c4 33. bxc4 Qb6 34. Nf3 Qb2 35. a4 c5 36. Nh2 Bg7 37. Rf2 Qa2 38. a5 a6 39. Ng4 h5 40.
Ne3 Bh6 41. Nd5 Nxd5 42. exd5 Rxf2+ 43. Qxf2 Bg7 44. Qe2 Bf6 45. h4 Bd8 46. Qf2 Kg7 47. Bd2 Qa4 48. Qe3 Bf6 49. Qh6+ Kf7 50. Qh7+ Ke8 51. Qg8+ Kd7 52. Qe6+ Kc7 53. Qf7+ Kc8 54. Qxf6 Qxc2 55. Qf8+ Kb7 56. Qe7+ Kc8 57. Qe8+ Kc7 58. Qc6+ Kb8 59. Qb6+ Ka8 60. Qxa6+ Kb8 61. Qxd6+ Ka8 62. Qd8+ Kb7 63. Qb6+ Ka8 64. a6 1-0

[Event "European Rapid Championship 2021"]
[Site "Katowice"]
[Date "2021.12.18"]
[Round "6.8"]
[White "Reimanis, Ritvars"]
[Black "Dzierzak, Radoslaw"]
[Result "0-1"]
[ECO "E11"]
[WhiteElo "2397"]
[BlackElo "2075"]
[Annotator "NA"]
[PlyCount "88"]
[EventDate "2021.12.18"]
[EventType "swiss"]
[EventCountry "POL"]
[SourceTitle "playchess.com"]
[Source "ChessBase"]
[SourceQuality "1"]
[TimeControl "900+10"]

1. Nf3 Nf6 2. d4 e6 3. c4 Bb4+ 4. Bd2 a5 5. g3 d6 6. Bg2 Nbd7 7. O-O e5 8. e4 O-O 9. Bg5 exd4 10. Nxd4 h6 11. Be3 Ne5 12. Qc2 Nfg4 13.
Bf4 Bc5 14. Qc3 c6 15. Na3 Qb6 16. Rad1 Bd7 17. h3 Nf6 18. Nac2 Ng6 19. Bc1 Rfe8 20. Rde1 Re7 21. Nb3 Rae8 22. Nxc5 Qxc5 23. Bxh6 Qh5 24. Bf4 Nxf4 25. gxf4 Nxe4 26. Qa3 Qc5 27. Qxc5 Nxc5 28. Rxe7 Rxe7 29. Nd4 Nd3 30. f5 c5 31. f6 gxf6 32. Nb3 Nxb2 33. Nxa5 b6 34. Rb1 Re2 35. Bf1 Rc2 36. Nb7 Nxc4 37. Bxc4 Rxc4 38. Rxb6 Rb4 39. Rxb4 cxb4 40. Nxd6 Be6 41. Kg2 Bxa2 42. Kg3 Be6 43. Ne4 b3 44. Nc3 b2 0-1

[Event "European Rapid Championship 2021"]
[Site "Katowice"]
[Date "2021.12.18"]
[Round "6.9"]
[White "Godzwon, Iwo"]
[Black "Gumularz, Szymon"]
[Result "1/2-1/2"]
[ECO "B11"]
[WhiteElo "2352"]
[BlackElo "2452"]
[Annotator "ChessBase"]
[PlyCount "90"]
[EventDate "2021.12.18"]
[EventType "swiss"]
[EventCountry "POL"]
[SourceTitle "playchess.com"]
[Source "ChessBase"]
[SourceQuality "1"]
[TimeControl "900+10"]

1. e4 c6 2. Nf3 d5 3. Nc3 Bg4 4. h3 Bxf3 5. Qxf3 e6 6. Be2 Bc5 7. Qg3 Bd4 8. O-O Ne7 9. d3 Nd7 10. Nd1 O-O 11. c3 Bb6 12. Bg5 Kh8 13.
exd5 cxd5 14. d4 Nf5 15. Qg4 Nf6 16. Qf3 h6 17.
Bxf6 Qxf6 18. Ne3 g6 19. Bd3 Qg5 20. Rae1 Bc7 21. Qg4 Qf6 22. Qf3 Rad8 23. g3 Qg5 24. Qg4 Kg7 25. Kg2 Nd6 26. h4 Qxg4 27. Nxg4 h5 28. Ne5 Nc8 29. Re2 Ne7 30. Rfe1 a6 31. a4 Bd6 32. Nf3 Rc8 33. Rc2 Rc6 34. Rec1 Rfc8 35. c4 dxc4 36. Rxc4 Rxc4 37. Rxc4 Rxc4 38. Bxc4 Kf6 39. Kf1 Bb8 40. Ke2 Nf5 41. Bd3 Ba7 42. Be4 Nd6 43. Bd3 a5 44. b3 Ke7 45. Bc4 Ne4 1/2-1/2

[Event "European Rapid Championship 2021"]
[Site "Katowice"]
[Date "2021.12.18"]
[Round "6.9"]
[White "Mica, Marek"]
[Black "Nasuta, Grzegorz"]
[Result "0-1"]
[ECO "A28"]
[WhiteElo "2060"]
[BlackElo "2345"]
[Annotator "NA"]
[PlyCount "102"]
[EventDate "2021.12.18"]
[EventType "swiss"]
[EventCountry "POL"]
[SourceTitle "playchess.com"]
[Source "ChessBase"]
[SourceQuality "1"]
[TimeControl "900+10"]

1. c4 e5 2. Nc3 Nf6 3. Nf3 Nc6 4. e3 Be7 5. d4 exd4 6. Nxd4 Bb4 7. Nde2 O-O 8. a3 Be7 9. Nf4 d6 10. Be2 Ne5 11. b3 c6 12. Bb2 Bf5 13.
O-O h6 14. Nd3 Qc7 15. h3 Rad8 16. f4 Ned7 17. Nf2 Qb6 18. Bf3 Nc5 19. b4 Nd3 20. Nxd3 Qxe3+ 21. Nf2 Qxf4 22. Nce4 Bxe4 23. Nxe4 Nxe4 24. Qd3 Ng3 25. Bxc6 Nxf1 26. Rxf1 Qg5 27. Bxb7 f5 28.
Bd5+ Kh8 29. Bc1 Qg6 30. Be3 a6 31. g4 Bg5 32. Bxg5 Qxg5 33. Rxf5 Rxf5 34. Qxf5 Qe3+ 35. Qf2 Qxa3 36. g5 Qc1+ 37. Kh2 Qxg5 38. Bc6 Qe7 39. b5 axb5 40. cxb5 Rf8 41. Qb2 Qe3 42. Bg2 Rf2 43. Qa1 Qf3 44. Qg1 Qf4+ 45. Kh1 Rc2 46. b6 Rc1 47. b7 Rxg1+ 48. Kxg1 Qb4 49. Bd5 g6 50. Kf2 Kg7 51. Ke3 Kf6 0-1

[Event "European Rapid Championship 2021"]
[Site "Katowice"]
[Date "2021.12.18"]
[Round "6.10"]
[White "Spalir, Jernej"]
[Black "Castejon Caballero, Andres"]
[Result "1/2-1/2"]
[ECO "D38"]
[WhiteElo "2340"]
[BlackElo "2056"]
[Annotator "NA"]
[PlyCount "92"]
[EventDate "2021.12.18"]
[EventType "swiss"]
[EventCountry "POL"]
[SourceTitle "playchess.com"]
[Source "ChessBase"]
[SourceQuality "1"]
[TimeControl "900+10"]

1. d4 Nf6 2. Nf3 e6 3. c4 d5 4. Nc3 Bb4 5. Qa4+ Nc6 6. e3 O-O 7. Bd2 Bxc3 8. Bxc3 Ne4 9. Qc2 a5 10. a3 Bd7 11. Bd3 f5 12. O-O g5 13.
Nd2 Ne7 14. f3 Nxc3 15. bxc3 Qe8 16. e4 Qh5 17. cxd5 exd5 18. c4 dxe4 19. fxe4 f4 20. e5 Nf5 21. Bxf5 Bxf5 22. Qb3 Rad8 23. d5 b6 24. e6 Bxe6 25. Rae1 Bf5 26. Nf3 Rde8 27. Nd4 Rxe1 28. Rxe1 Re8 29. Qc3 Rxe1+ 30. Qxe1 Bd7 31. Ne6 Bxe6 32. dxe6 Kf8 33. Qd2 Qe8 34. Qd5 Qe7 35. Qf5+ Kg7 36. Qe5+ Kg6 37. Kf1 Qd6 38. Qe4+ Kf6 39. Qxh7 Qd1+ 40. Kf2 Qd2+ 41. Kf1 Qc1+ 42. Kf2 Qb2+ 43. Kf1 Qa1+ 44. Ke2 Qa2+ 45. Ke1 Qa1+ 46. Ke2 Ke5 1/2-1/2